Cogmind - Beta 16 @@@ ROGUE MODE // 2025.10.29 @ 05:05:18 Player: shapeshifter Result: Destroyed by P-80 Master with Gamma Rifle Performance ------------- Evolutions (7) 3500 Regions Visited (27) 5400 Robots Destroyed (379) 1895 Value Destroyed (19799) 19799 Prototype IDs (53) 1060 Alien Tech Used (0) 0 Bonus (10425) 10425 TOTAL SCORE: 42079 Bonus ------- High Alert Combat Kills 4525 Follower Combat Kills 3603 Entered Garrisons 800 Entered DSFs 500 Met Data Miner 300 Acquired ECA 300 Met Warlord at Base 500 MAIN.C Attacked Warlord 500 Friendly Fire -603 Cogmind --------- Core Integrity 0/1300 Matter 231/300 Energy 100/100 System Corruption 17% Temperature Cool (0) Movement Core (1350) Ox26 Location -3/Armory Parts ------- > --- POWER (2) -------- (None) > --- PROPULSION (6) --- (None) > --- UTILITY (9) ------ Huge Storage Unit Experimental Optical Array Advanced Signal Interpreter > --- WEAPON (4) ------- (None) > --- INVENTORY (25) --- Vortex Chain Reactor Advanced Cooling System Advanced Energy Well (500) Experimental Matter Compressor (26) Quantum Capacitor Advanced Cloaking Device Advanced Cloaking Device Enhanced Nova Cannon Enhanced Nova Cannon Enhanced Nova Cannon BFG-9k Vortex Edition Hypervelocity Railgun Enhanced Hardcell Cannon Improved Remote Datajack Vortex Lance (40) Vortex Lance (8) Peak State ------------ > --- POWER ------------ Particle Reactor Light Particle Reactor > --- PROPULSION ------- Myomer Leg Myomer Leg Myomer Leg Myomer Leg Experimental Myomer Leg Experimental Myomer Leg > --- UTILITY ---------- Advanced Cooling System Advanced Cooling System Huge Storage Unit Experimental Optical Array Advanced Signal Interpreter Improved Targeting Computer Layered Light Armor Plating Advanced Focal Shield System Mapper > --- WEAPON ----------- Advanced Variable Charge Gun Advanced Variable Charge Gun Vortex Rifle Hypervelocity Railgun > --- INVENTORY -------- Particle Reactor Vortex Chain Reactor Advanced Cooling System Advanced Energy Well Experimental Matter Compressor Quantum Capacitor Layered Light Armor Plating Advanced Remote Force Field Vortex Rifle Enhanced Nova Cannon Enhanced Nova Cannon Enhanced Nova Cannon Enhanced Nova Cannon BFG-9k Vortex Edition Micro-nuke Launcher Improved Remote Datajack Vortex Lance Vortex Lance [Rating: 165] Favorites ----------- Power Light Antimatter Reactor Engine Ion Engine Power Core Light Nuclear Core Reactor Light Antimatter Reactor Propulsion Light Treads Treads Light Treads Leg Experimental Myomer Leg Wheel Armored Huge Wheel Hover Unit Cooled Gravmag System Flight Unit Cooled Field Propulsion Drive Utility Advanced Heat Sink Device Advanced Heat Sink Storage Huge Storage Unit Processor Advanced Signal Interpreter Hackware Hacking Suite Protection Improved Medium Armor Plating Weapon Gauss Rifle Energy Gun Gatling Laser Energy Cannon Enhanced Nova Cannon Ballistic Gun Gauss Rifle Ballistic Cannon Assault Cannon Launcher Scatter Rocket Array Special Weapon Remote Datajack Slashing Weapon Blade Saw Piercing Weapon Vortex Lance Build | -11 -10 -10 -10 -9 -8 -8 -8 -8 -7 -7 -7 -7 -7 -6 -6 -6 -5 -5 -5 -5 -4 -4 -4 -4 -3 -3 -3 ------- Run | Yrd Mat Min Exi Min Mat Gar Mat Gar Fac Gar Fac Low Dat Pro Fac Ext Fac Gar Fac DSF Fac Upp Upp War Pro Res Arm Slots Evolved 14 | . . . . . 4 . . . 2 . . . . . 2 . 2 . . . 2 . . . . 2 . Power 1 | . . . . . . . . . . . . . . . 1 . . . . . . . . . . . . Propulsion 4 | . . . . . 1 . . . . . . . . . 1 . . . . . 2 . . . . . . Utility 7 | . . . . . 1 . . . 2 . . . . . . . 2 . . . . . . . . 2 . Weapon 2 | . . . . . 2 . . . . . . . . . . . . . . . . . . . . . . Parts Attached 247 | 7 8 . 2 4 28 16 4 12 6 23 7 2 . 7 8 8 11 25 . 3 15 4 4 15 . 16 12 Power 27 | 1 2 . . . 3 1 1 1 . 2 2 . . 1 1 1 1 1 . 2 2 1 . 1 . 2 1 Engine 6 | 1 2 . . . 1 . 1 . . 1 . . . . . . . . . . . . . . . . . Core 5 | . . . . . 2 1 . 1 . . . . . . . . 1 . . . . . . . . . . Reactor 16 | . . . . . . . . . . 1 2 . . 1 1 1 . 1 . 2 2 1 . 1 . 2 1 Propulsion 48 | 2 2 . 2 . 8 2 2 3 . 3 1 . . . 1 3 . 5 . . 2 . . 3 . 6 3 Treads 29 | 2 2 . . . 7 1 . 2 . 2 1 . . . 1 2 . 4 . . 2 . . 1 . 2 . Leg 9 | . . . . . . . . . . . . . . . . 1 . 1 . . . . . 2 . 4 1 Wheel 8 | . . . 2 . 1 1 2 1 . 1 . . . . . . . . . . . . . . . . . Hover 1 | . . . . . . . . . . . . . . . . . . . . . . . . . . . 1 Flight 1 | . . . . . . . . . . . . . . . . . . . . . . . . . . . 1 Utility 77 | 2 2 . . 1 5 2 1 4 2 8 3 1 . 1 2 2 7 7 . 1 8 1 3 6 . 5 3 Device 36 | 1 . . . . 2 1 . 1 1 5 1 1 . . . 1 3 4 . . 6 1 1 5 . 1 1 Storage 9 | 1 2 . . 1 1 . 1 . . . . . . . . . . . . 1 . . . 1 . 1 . Processor 9 | . . . . . 1 . . . . . . . . . 1 . 2 1 . . . . 1 . . 2 1 Hackware 6 | . . . . . 1 . . . . . . . . . . . 1 1 . . 2 . . . . 1 . Protection 17 | . . . . . . 1 . 3 1 3 2 . . 1 1 1 1 1 . . . . 1 . . . 1 Artifact . | . . . . . . . . . . . . . . . . . . . . . . . . . . . . Weapon 95 | 2 2 . . 3 12 11 . 4 4 10 1 1 . 5 4 2 3 12 . . 3 2 1 5 . 3 5 Energy Gun 28 | . . . . . 7 4 . . . 2 . . . . . . 3 5 . . 1 . . 2 . 3 1 Energy Cannon 15 | . . . . . . . . . 4 . . . . 4 1 . . . . . 1 2 1 2 . . . Ballistic Gun 23 | 2 2 . . 3 4 . . . . 6 1 . . . . 1 . 3 . . . . . . . . 1 Ballistic Cannon 14 | . . . . . . 4 . 4 . 1 . . . . 1 1 . 2 . . . . . . . . 1 Launcher 7 | . . . . . 1 . . . . . . . . 1 2 . . 1 . . . . . . . . 2 Special Weapon 2 | . . . . . . . . . . 1 . . . . . . . . . . 1 . . . . . . Impact Weapon . | . . . . . . . . . . . . . . . . . . . . . . . . . . . . Slashing Weapon 5 | . . . . . . 3 . . . . . 1 . . . . . 1 . . . . . . . . . Piercing Weapon 1 | . . . . . . . . . . . . . . . . . . . . . . . . 1 . . . Special Melee Weapon . | . . . . . . . . . . . . . . . . . . . . . . . . . . . . Unidentified Prototypes 18 | . . . . . 4 . . . . 1 . . . . 3 . . . . . . . . 5 . 2 3 Parts Lost 100 | . 3 1 . 1 10 6 . 9 . 14 2 . . 6 1 7 . 4 . . 4 2 . . 2 8 20 Power 18 | . 1 . . 1 2 1 . 1 . 2 . . . 1 . 2 . . . . 1 1 . . 1 1 3 Propulsion 23 | . . 1 . . 3 1 . 1 . 2 . . . . . 2 . 1 . . 2 . . . . 3 7 Utility 26 | . . . . . . 2 . 2 . 5 1 . . 2 . 1 . 2 . . 1 1 . . 1 4 4 Weapon 33 | . 2 . . . 5 2 . 5 . 5 1 . . 3 1 2 . 1 . . . . . . . . 6 Highest Loss Streak 13 | . 2 1 . 1 7 2 . 2 . 4 1 . . 4 1 2 . 1 . . 2 2 . . 1 5 13 To Critical Strikes 2 | . . 1 . . . . . 1 . . . . . . . . . . . . . . . . . . . Average Backups 19 | 4 8 10 14 15 18 20 21 22 20 22 21 22 22 19 20 21 20 21 21 20 22 21 21 20 18 17 17 Power 1 | . . . 1 1 . . . 1 2 4 3 3 3 2 1 . . . 1 . 1 1 1 1 1 1 1 Propulsion 1 | 1 2 2 1 1 . . . . 1 1 3 3 3 3 2 1 . . 2 2 . . . . 1 . . Utility 9 | . 3 6 7 8 10 13 13 13 11 9 7 7 8 7 9 12 12 10 8 7 8 7 8 8 7 6 5 Weapon 6 | . 1 1 4 3 3 4 6 7 5 6 6 6 7 4 5 5 6 8 8 8 10 10 10 9 8 8 9 Tool/Special . | . . . . . . . . . . . . . . . . . . . . . . . . . . . . Unused Backups 99 | . 4 . . . 7 10 3 6 . 12 2 4 . 1 2 2 3 12 . 2 4 . 2 6 . 1 16 Power 7 | . . . . . . 1 . 1 . 3 1 . . . . . . . . . . . . . . . 1 Propulsion 5 | . . . . . . . . . . . . . . . . . . 4 . . . . 1 . . . . Utility 56 | . 4 . . . 6 5 3 4 . 8 1 1 . 1 . 1 1 7 . 2 1 . . 5 . . 6 Weapon 28 | . . . . . 1 2 . 1 . . . 3 . . 2 1 2 1 . . 3 . 1 1 . 1 9 Tool/Special 3 | . . . . . . 2 . . . 1 . . . . . . . . . . . . . . . . . Average Slot Usage (%) 83 | . 99 95 93 95 94 90 81 75 83 81 91 92 77 81 83 74 70 76 82 81 76 71 71 73 85 75 79 Engine 2 | . 13 14 14 9 4 . 2 5 . 1 . . . . . . . . . . . . . . . . . Core 1 | . . . . . 4 8 6 3 7 . . . . . . . 2 5 5 1 . . . . . . . Reactor 5 | . . . . . . . . . . 4 7 7 7 6 12 12 5 3 5 9 9 10 10 10 7 7 6 Treads 12 | . 28 23 6 . 23 18 5 6 7 6 15 15 15 15 12 11 11 11 11 11 12 10 10 10 15 7 . Leg 1 | . . . . . . . . . . . . . . . . . . . . . . . . 5 5 11 22 Wheel 2 | . . . 14 28 1 3 12 10 7 4 . . . . . . . . . . . . . . . . . Device 14 | . 14 14 14 14 6 10 . 2 14 18 19 15 15 15 13 11 13 17 23 23 20 19 13 16 21 14 10 Storage 7 | . 14 14 14 14 9 9 9 9 7 7 7 7 7 7 6 6 5 5 5 5 5 5 5 5 5 6 5 Processor 3 | . . . . . 4 . . . . . . . . . 5 2 4 6 11 11 10 10 13 10 9 6 12 Protection 4 | . . . . . . 3 9 8 7 8 10 15 15 10 6 5 4 2 . . . . . 2 . . 2 Energy Gun 4 | . . . . . 15 26 . . . 6 . . . . . . 7 10 5 5 6 . . . . 2 9 Energy Cannon 4 | . . . . . . . . . 29 3 . . . 14 23 9 2 . . . . 14 14 10 21 14 . Ballistic Gun 10 | . 27 28 28 28 17 . . . . 13 29 29 1 10 . 1 2 6 . . . . . . . . 1 Ballistic Cannon 3 | . . . . . . 4 36 27 . 1 . . . . . 7 2 1 11 11 10 . . . . . . Peak Build Rating 165 | 7 8 8 9 10 34 43 42 43 51 71 75 75 74 74 91 92 101 124 124 127 153 131 122 156 155 152 165 Average Rating 71 | 5 7 7 8 9 25 36 41 37 50 55 71 74 64 66 86 83 90 90 124 125 135 122 121 129 150 138 133 On Entrance 71 | . 7 8 8 9 9 32 41 42 38 51 71 74 74 74 67 85 76 95 124 124 127 115 113 96 155 144 150 Avg Prop Armor Cover (%) 4 | . . . . . 17 4 4 3 4 4 . . . . . 2 . 2 . . . . . 5 3 3 . Naked Turns . | . . . . . . . . . . . . . . . . . . . . . . . . . . . . Heaviest Build 174 | 12 28 28 28 48 100 125 129 129 135 138 132 125 125 129 155 155 155 154 154 160 166 155 160 167 163 174 157 Greatest Support 235 | 40 40 40 26 26 66 63 40 40 28 95 103 103 103 103 150 150 150 155 155 155 235 155 155 185 185 185 150 Greatest Overweight (x) 26 | . . 1 1 1 6 4 4 5 4 4 1 1 1 1 1 2 1 2 . 1 . . 1 1 . 3 26 Average Overweight (x) 1 | . . . 1 1 . 2 3 3 4 3 1 1 1 . . . . . . . . . . . . . . Largest Inventory Capacity 25 | 8 15 15 15 20 25 25 25 25 25 25 25 25 25 25 25 25 25 25 25 25 25 25 25 25 25 25 25 Average Capacity 23 | 7 9 15 15 18 23 25 25 25 25 25 25 25 25 25 25 25 25 25 25 25 25 25 25 25 25 25 25 Most Carried 25 | 6 10 14 15 20 25 25 25 25 25 25 25 25 25 25 25 25 25 25 25 25 25 25 25 25 25 25 25 Average Carried 22 | 4 8 10 14 18 22 23 24 24 21 24 24 24 25 22 22 24 24 24 25 24 24 24 24 24 25 24 24 Final Capacity 25 | 8 15 15 15 20 25 25 25 25 25 25 25 25 25 25 25 25 25 25 25 25 25 25 25 25 25 25 25 Final Carried 25 | 5 9 14 15 20 23 25 25 25 24 25 25 25 25 21 25 25 23 25 25 25 25 24 25 25 25 24 23 Class Distribution -------------------- 39% | Scavenger-Tank 18% | Mutant 12% | Tank 10% | Scavenger-Mutant 6% | Scavenger-Skirmisher 5% | Scavenger-Gunner 3% | Commander-Tank Dominant Class ---------------- Mutant | -10/Materials Mutant | -10/Mines Mutant | -10/Exiles Mutant | -9/Mines Scavenger-Skirmisher | -8/Materials Scavenger-Gunner | -8/Garrison Tank | -8/Materials Tank | -8/Garrison Pyromaniac-Tank | -7/Factory Scavenger-Tank | -7/Garrison Scavenger-Tank | -7/Factory Scavenger-Tank | -7/Lower Caves Mutant | -7/Data Miner Tank | -6/Proximity Caves Tank | -6/Factory Scavenger-Tank | -6/Extension Scavenger-Tank | -5/Factory Scavenger-Tank | -5/Garrison Scavenger-Tank | -5/Factory Scavenger-Tank | -5/DSF Scavenger-Skirmisher | -4/Factory Scavenger-Skirmisher | -4/Upper Caves Scavenger-Tank | -4/Upper Caves Scavenger-Mutant | -4/Warlord Scavenger-Tank | -3/Proximity Caves Scavenger-Tank | -3/Research Scavenger-Tank | -3/Armory Resources | -11 -10 -10 -10 -9 -8 -8 -8 -8 -7 -7 -7 -7 -7 -6 -6 -6 -5 -5 -5 -5 -4 -4 -4 -4 -3 -3 -3 ----------- Run | Yrd Mat Min Exi Min Mat Gar Mat Gar Fac Gar Fac Low Dat Pro Fac Ext Fac Gar Fac DSF Fac Upp Upp War Pro Res Arm Matter Collected 11703 | 286 433 226 30 119 604 371 401 1428 7 1031 748 95 . 762 109 1172 136 810 . 364 830 478 65 509 63 235 391 Remotely . | . . . . . . . . . . . . . . . . . . . . . . . . . . . . Salvage Created 16745 | 94 659 136 . 314 1592 1143 408 981 7 2099 1221 50 . 319 760 1503 386 1832 . 157 992 498 119 . 267 502 706 Parts 766 | 6 40 11 . 18 82 44 24 58 . 81 83 . . 13 27 56 8 64 . 16 39 21 7 . 15 27 26 Haulers Intercepted 9 | . 2 . . . 4 . 1 . . . . . . . 1 . . . . . 1 . . . . . . Recyclers Shooed 9 | . . . . 1 4 . . . . . 1 . . . . 2 1 . . . . . . . . . . Parts Field Recycled . | . . . . . . . . . . . . . . . . . . . . . . . . . . . . Retrieved Matter . | . . . . . . . . . . . . . . . . . . . . . . . . . . . . Parts Self-Destructed 90 | . . . . . . . . . . . . . . 17 . . . . . . . 40 18 . 15 . . Prevented 6 | . . . . . . . . . . . . . . 4 . . . . . . . . . . 2 . . Parts Restored . | . . . . . . . . . . . . . . . . . . . . . . . . . . . . Kills | -11 -10 -10 -10 -9 -8 -8 -8 -8 -7 -7 -7 -7 -7 -6 -6 -6 -5 -5 -5 -5 -4 -4 -4 -4 -3 -3 -3 ------- Run | Yrd Mat Min Exi Min Mat Gar Mat Gar Fac Gar Fac Low Dat Pro Fac Ext Fac Gar Fac DSF Fac Upp Upp War Pro Res Arm Combat Hostiles Destroyed 324 | . 14 6 . 6 29 23 10 32 . 29 19 . . 5 14 20 5 37 . 8 16 10 5 . 6 7 23 Melee 4 | . . . . . . . . . . . . . . . . . . . . . . 1 . . . . 3 Guns 145 | . 14 6 . 6 29 15 . . . 10 19 . . 5 . . 3 27 . . 5 . . . . 1 5 Cannons 125 | . . . . . . . 10 32 . 19 . . . . 5 15 . . . 8 11 8 5 . 5 6 1 AOE 42 | . . . . . . 8 . . . . . . . . 7 4 2 7 . . . . . . . . 14 Classes Destroyed 20 | 2 6 . . 1 4 1 . 2 . 1 . . . . . . . 2 . 1 . . . . . . . Worker 8 | . . . . . 2 . . . . . 4 . . . . . 2 . . . . . . . . . . Builder 6 | . . . . 1 . . 1 . . . 3 . . . . 1 . . . . . . . . . . . Tunneler 3 | 1 . . . . . . . . . . 1 . . . 1 . . . . . . . . . . . . Hauler 9 | . 2 . . . 4 . 1 . . . . . . . 1 . . . . . 1 . . . . . . Recycler 12 | 1 . 1 . 2 2 . . . . . 1 . . . . 3 2 . . . . . . . . . . Mechanic 2 | . 1 . . . . . . . . . . . . . 1 . . . . . . . . . . . . Operator 1 | . 1 . . . . . . . . . . . . . . . . . . . . . . . . . . Watcher 12 | . 3 . . . 3 . . . . 1 1 . . . 1 1 . . . . 1 . . . . . 1 Swarmer 97 | . 6 6 . 6 9 12 2 6 . 6 1 . . . 3 2 . 15 . 4 . 5 5 . 4 . 5 Cutter 7 | . . . . . . 1 . . . . . . . . . . . 3 . 3 . . . . . . . Grunt 98 | . 8 . . . 13 8 4 8 . 8 11 . . 3 8 9 . 6 . . 6 4 . . 2 . . Brawler 6 | . . . . . 1 . 1 2 . . 1 . . . . 1 . . . . . . . . . . . Duelist 13 | . . . . . 1 . . 3 . 3 . . . . . 1 . . . . . . . . . . 5 Sentry 45 | . . . . . 5 2 3 6 . 3 2 . . . 2 4 3 11 . . 1 . . . . 2 1 Demolisher 4 | . . . . . . . . . . 1 1 . . . . 1 . . . . . . . . . . 1 Specialist 9 | . . . . . . . . . . . . . . . . . . 1 . . 2 . . . . . 6 Hunter 10 | . . . . . . . . 1 . 4 . . . 2 1 . . . . . . . . . . 2 . Programmer 32 | . . . . . . . . 6 . 4 3 . . . . 2 2 . . . 6 1 . . . 3 5 Heavy 2 | . . . . . . . . . . . . . . . . . . . . 1 1 . . . . . . Behemoth 1 | . . . . . . . . . . . . . . . . . . 1 . . . . . . . . . Packrat 2 | . . . . . . . . . . . . 1 . . . . . . . . . 1 . . . . . Butcher 2 | . . . . . . . . . . . . . . . . 1 . 1 . . . . . . . . . Best Kill Streak 12 | 2 3 3 . 4 6 8 4 5 . 5 12 . . 3 8 6 9 9 . 4 5 5 3 . 4 3 10 Combat Bots Only 10 | . 3 3 . 4 6 8 4 5 . 5 8 . . 3 5 4 5 9 . 4 5 5 3 . 4 3 10 Max Kills in Single Turn 7 | 1 1 1 . 1 2 6 2 1 . 2 2 1 . 1 4 2 3 7 . 2 1 2 2 . 2 1 4 Gunslinging 2 | . . . . . 1 1 . . . . 1 . . . . . . 2 . . . . . . . . . Exploded 7 | . . . . . . 6 . . . . . . . . 3 2 1 7 . . . . . . . . 4 Melee 1 | . . . . . . . . . . . . . . . . . . . . . . 1 . . . . 1 Uniques/NPCs Destroyed . | . . . . . . . . . . . . . . . . . . . . . . . . . . . . Combat | -11 -10 -10 -10 -9 -8 -8 -8 -8 -7 -7 -7 -7 -7 -6 -6 -6 -5 -5 -5 -5 -4 -4 -4 -4 -3 -3 -3 -------- Run | Yrd Mat Min Exi Min Mat Gar Mat Gar Fac Gar Fac Low Dat Pro Fac Ext Fac Gar Fac DSF Fac Upp Upp War Pro Res Arm Hostile Shots Fired 2270 | . 74 13 . 20 146 59 33 172 19 222 103 . . 98 70 198 26 196 . 18 295 56 8 . 80 89 275 Missed 649 | . 15 6 . 3 38 14 6 27 6 60 38 . . 27 27 73 12 53 . 7 96 10 3 . 26 20 82 Hits 1621 | . 59 7 . 17 108 45 27 145 13 162 65 . . 71 43 125 14 143 . 11 199 46 5 . 54 69 193 Melee 30 | . . . . . . 5 . 4 . 5 . . . . . 3 . 5 . 2 . . . . . . 6 Projectile 1591 | . 59 7 . 17 108 40 27 141 13 157 65 . . 71 43 122 14 138 . 9 199 46 5 . 54 69 187 AOE 23 | . . . . . . 1 . 4 . 4 2 . . . . 5 . . . . 1 . . . . . 6 Critical Strikes 74 | . 1 1 . . 2 6 . 12 1 6 4 . . 2 3 . . 13 . 3 7 1 . . 6 2 4 Part Disruptions 1 | . . . . . . . . . . . . . . . . . . . . . . . . . . 1 . Damage Taken 26084 | . 671 50 . 139 1534 826 421 2496 204 2243 918 . . 1401 650 1570 249 2388 . 234 3025 885 100 55 992 1295 3738 Core 3093 | . 106 6 . 27 139 85 17 143 16 197 58 . . 311 27 72 18 238 . 28 212 36 13 . 35 161 1148 Absorbed by Shields 1417 | . . . . . . . . 32 . . . . . . . 401 64 836 . 84 . . . . . . . Reduced by Siege Mode 531 | . . . . . . . . . . . . . . . . . . . . . 531 . . . . . . Ignored by Resistances 881 | . . . . . . . . 29 . 248 22 . . . 71 93 . . . . . . . 14 143 94 167 Regen/Repaired (Parts) 478 | . . . . . . . . . . . . . . . . . . . . . . . . 478 . . . Core Remaining (%) 60 | 100 . . . 44 . . . 30 . . . . . 16 . 88 . . . 71 . . . . 74 . . Volleys Fired 1106 | 4 74 15 . 28 104 86 19 102 2 134 45 1 5 24 20 93 16 87 . 11 45 20 4 28 12 50 77 Largest 4 | 2 2 2 . 2 4 4 4 4 4 4 4 4 1 4 4 4 3 4 . 3 4 3 3 3 4 2 3 Hottest 480 | 40 40 40 . 40 262 262 148 148 320 320 117 117 5 117 276 207 225 320 . 181 246 360 360 360 480 240 280 Shots Fired 2569 | 8 146 30 . 56 364 192 65 238 8 261 163 4 5 74 41 194 30 207 . 33 147 56 13 30 24 76 104 Gun 1497 | 8 146 30 . 56 364 178 . . . 97 163 4 . 69 . 11 17 200 . 11 62 . . . . 8 73 Cannon 965 | . . . . . . 10 65 238 8 153 . . . . 38 146 11 . . 22 85 56 13 10 24 68 18 Launcher 28 | . . . . . . 4 . . . . . . . 5 3 . 2 1 . . . . . . . . 13 Special 79 | . . . . . . . . . . 11 . . 5 . . 37 . 6 . . . . . 20 . . . Kinetic 1402 | 8 146 30 . 56 244 10 65 238 . 92 163 4 . 69 5 69 4 89 . 22 85 . . . . . 3 Thermal 950 | . . . . . 120 178 . . 8 158 . . . . . 36 24 111 . 11 62 56 13 10 24 76 63 Explosive 24 | . . . . . . . . . . . . . . 5 3 . 2 1 . . . . . . . . 13 Electromagnetic 89 | . . . . . . 4 . . . . . . . . 33 52 . . . . . . . . . . . Entropic 25 | . . . . . . . . . . . . . . . . . . . . . . . . . . . 25 Robot Hit Streak 27 | 2 20 4 . 5 27 16 18 12 3 16 9 5 2 8 6 16 5 16 . 3 15 5 3 10 5 9 13 Robot Miss Streak 7 | 1 4 3 . 3 4 5 4 5 2 4 4 . 3 3 6 4 7 5 . 2 3 2 3 3 2 3 4 Penetration Max 1 | . . . . . . . . . . 1 1 . . 1 . 1 . 1 . . . . . . . . . Secondary Targets 33 | . 1 1 . . 7 5 . . . 3 3 . . 2 . . . 10 . . . . . . . . 1 Max Gunslinging Chain 2 | . 1 1 . . 1 1 . . . 1 1 . . 1 . . . 2 . . . . . . . . 1 Shots Hit Robots 1552 | 4 84 17 . 30 264 133 24 125 4 180 87 3 2 49 24 118 15 160 . 17 72 29 6 15 15 37 38 Core Hits 831 | 4 37 10 . 14 95 52 17 53 1 91 50 2 . 17 31 51 43 126 . 10 26 12 4 1 7 13 64 Critical Kills 9 | . 2 . . . . . . . . 1 . . . 2 . 2 . . . . . 1 . . 1 . . Critical Parts Destroyed 13 | . . 2 . 2 1 . . . . . 1 . . . . 5 . 1 . . . . . . . . 1 Critical Strikes 59 | . 2 2 . 2 2 5 3 8 . 9 2 . . 3 . 10 . 5 . . 2 1 . . 1 . 2 Burn 5 | . . . . . 1 1 . . . . . . . . . . . 3 . . . . . . . . . Meltdown 2 | . . . . . . . . . . . . . . . . . . . . . . 1 . . 1 . . Destroy 21 | . 2 2 . 2 1 . . . . 1 2 . . 3 . 7 . 1 . . . . . . . . . Blast 14 | . . . . . . . 3 6 . . . . . . . 3 . . . . 2 . . . . . . Sever 15 | . . . . . . 4 . 2 . 8 . . . . . . . 1 . . . . . . . . . Detonate 1 | . . . . . . . . . . . . . . . . . . . . . . . . . . . 1 Sunder 1 | . . . . . . . . . . . . . . . . . . . . . . . . . . . 1 Melee Attacks 173 | . . . . . . 69 . 17 . 58 . 2 . . . . . 21 . . . . . . . . 6 Impact . | . . . . . . . . . . . . . . . . . . . . . . . . . . . . Slashing 167 | . . . . . . 69 . 17 . 58 . 2 . . . . . 21 . . . . . . . . . Piercing . | . . . . . . . . . . . . . . . . . . . . . . . . . . . . Entropic 6 | . . . . . . . . . . . . . . . . . . . . . . . . . . . 6 Sneak Attacks 1 | . . . . . . . . . . 1 . . . . . . . . . . . . . . . . . Combat Hostiles . | . . . . . . . . . . . . . . . . . . . . . . . . . . . . Follow-up Attacks 10 | . . . . . . 10 . . . . . . . . . . . . . . . . . . . . . Damage Inflicted 45426 | 60 1002 143 . 245 2906 3383 597 3177 129 4927 2117 61 . 1157 1759 3845 1030 5293 . 782 2880 1306 381 66 715 1793 5672 Guns 15540 | 60 1002 143 . 245 2906 1183 . . . 946 2117 61 . 905 . 69 256 3352 . 58 825 . . . . 205 1207 Cannons 16261 | . . . . . . . 597 2770 129 2112 . . . . 665 2997 62 . . 724 2055 1277 381 66 715 1588 123 Explosions 7851 | . . . . . . 222 . . . . . . . 252 1094 772 712 741 . . . . . . . . 4058 Melee 5738 | . . . . . . 1978 . 407 . 1869 . . . . . . . 1200 . . . . . . . . 284 Ramming 36 | . . . . . . . . . . . . . . . . 7 . . . . . 29 . . . . . Kinetic 15614 | 60 1002 143 . 245 1638 . 597 2770 . 726 2117 61 . 905 99 1329 30 1075 . 724 2055 . . . . . 38 Thermal 15689 | . . . . . 1268 1270 . . 129 2332 . . . . 450 1547 288 2277 . 58 825 1277 381 66 715 1793 1013 Explosive 6274 | . . . . . . . . . . . . . . 252 644 . 712 741 . . . . . . . . 3925 Electromagnetic 1663 | . . . . . . 135 . . . . . . . . 566 962 . . . . . . . . . . . Impact . | . . . . . . . . . . . . . . . . . . . . . . . . . . . . Slashing 5454 | . . . . . . 1978 . 407 . 1869 . . . . . . . 1200 . . . . . . . . . Piercing . | . . . . . . . . . . . . . . . . . . . . . . . . . . . . Entropic 696 | . . . . . . . . . . . . . . . . . . . . . . . . . . . 696 Highest Corruption 17 | . . . . . . . 3 13 . 2 2 2 2 2 1 1 3 3 . . 2 2 2 2 . 5 17 Average Corruption 3 | . . . . . . . 2 9 . 1 2 2 2 2 1 1 1 2 . . 1 2 2 2 . 4 8 Corruption Purged 3 | . . . . . . . . . . . . . . . . . . 3 . . . . . . . . . Corruption Blocked . | . . . . . . . . . . . . . . . . . . . . . . . . . . . . Effects 256 | . . . . . . . 11 66 . 27 24 21 7 12 3 12 4 1 . . 13 12 9 . . 8 26 Message Errors 70 | . . . . . . . 4 15 . 6 7 7 . 4 1 4 . 1 . . 3 4 3 . . 4 7 Matter Fused 59 | . . . . . . . 2 15 . 7 5 3 2 5 1 2 2 . . . 3 3 2 . . 4 3 Heat Flow Errors 29 | . . . . . . . 1 8 . 2 4 4 1 . . 2 . . . . 2 2 1 . . . 2 Energy Discharges 28 | . . . . . . . 2 7 . 5 1 2 3 1 1 . . . . . 2 2 1 . . . 1 Parts Rejected 3 | . . . . . . . . 1 . . . . . . . . 1 . . . . . . . . . 1 Parts Fused 2 | . . . . . . . . . . . . . . . . 1 . . . . . . 1 . . . . Data Loss (minor) 27 | . . . . . . . . 7 . 5 4 3 1 1 . 1 . . . . 1 . . . . . 4 Data Loss (major) 9 | . . . . . . . . 3 . 1 . 1 . . . . 1 . . . 1 . . . . . 2 Misfires 8 | . . . . . . . . 3 . 1 2 . . . . . . . . . . . 1 . . . 1 Alerts 7 | . . . . . . . . 1 . . 1 1 . 1 . 1 . . . . . 1 . . . . 1 Weapon Failures 14 | . . . . . . . 2 6 . . . . . . . 1 . . . . 1 . . . . . 4 Overload Shots 7 | . . . . . . . . . . . . . . . . . . . . . . . . . . . 7 Overflow Damage 672 | . . . . . . 57 4 29 . 13 . . . . 25 89 . 14 . 8 27 110 38 . 28 83 147 Projectiles 426 | . . . . . . . 4 29 . 13 . . . . 3 83 . . . 8 27 110 38 . 28 83 . Explosions 189 | . . . . . . . . . . . . . . . 22 6 . 14 . . . . . . . . 147 Melee 57 | . . . . . . 57 . . . . . . . . . . . . . . . . . . . . . Knockbacks 58 | . . . . . . . 3 30 . 5 . . . . 1 5 . . . 3 11 . . . . . . Impact . | . . . . . . . . . . . . . . . . . . . . . . . . . . . . Kinetic 55 | . . . . . . . 3 28 . 4 . . . . 1 5 . . . 3 11 . . . . . . Secondary 3 | . . . . . . . . 2 . 1 . . . . . . . . . . . . . . . . . Self-Inflicted Damage 499 | . . . . . . . . . . . . . . . 43 210 . 136 . . . . . . . . 110 Shots 17 | . . . . . . . . . . . . . . . 3 3 . 6 . . . . . . . . 5 Rammed 2 | . . . . . . . . . . . . . . . . 1 . . . . . 1 . . . . . Targets Rammed 3 | . . . . . . . . . . . . . . . . 1 . . . . . 2 . . . . . Kicked . | . . . . . . . . . . . . . . . . . . . . . . . . . . . . Crushed 1 | . . . . . . . . . . . . . . . . . . . . . . 1 . . . . . Highest Temperature 448 | . 12 . . . 308 388 315 448 357 363 207 194 51 . 147 187 341 444 . 1 270 372 441 171 264 174 243 Average Temperature 110 | . 6 . . . 88 127 134 146 199 97 98 83 51 . 64 44 133 114 . 1 99 131 155 86 77 33 59 Received Heat Transfer 6270 | . 222 . . . 684 342 153 558 135 624 426 . . 204 165 444 36 746 . 38 443 192 . 12 108 90 648 Effects 21 | . . . . . . 3 1 8 1 . . . . . . . . 2 . . 3 1 2 . . . . Shutdowns 3 | . . . . . . . . . . . . . . . . . . 1 . . . 1 1 . . . . Energy Bleed 4 | . . . . . . 2 1 1 . . . . . . . . . . . . . . . . . . . Interference 9 | . . . . . . 1 . 5 . . . . . . . . . . . . 3 . . . . . . Short Circuit 2 | . . . . . . . . 1 . . . . . . . . . . . . . . 1 . . . . Damage (minor) 3 | . . . . . . . . 1 1 . . . . . . . . 1 . . . . . . . . . Siege Activations 3 | . . . . . . . . . . . . . . . . . . 1 . . 2 . . . . . . Total Turns 95 | . . . . . . . . . . . . . . . . . . 16 . . 79 . . . . . . Longest Duration 51 | . . . . . . . . . . . . . . . . . . 16 . . 51 . . . . . . Martial Activations . | . . . . . . . . . . . . . . . . . . . . . . . . . . . . Shielding Activations . | . . . . . . . . . . . . . . . . . . . . . . . . . . . . Robots Disrupted 1 | . . . . . . . . . . . . . . . . 1 . . . . . . . . . . . Combat Hostiles . | . . . . . . . . . . . . . . . . . . . . . . . . . . . . Robots Corrupted 3 | . . . . . . . . . . . . . . . 2 1 . . . . . . . . . . . Combat Hostiles 3 | . . . . . . . . . . . . . . . 2 1 . . . . . . . . . . . Parts Fried 9 | . . . . . . . . . . . . . . . 3 6 . . . . . . . . . . . Impact Corruptions . | . . . . . . . . . . . . . . . . . . . . . . . . . . . . Robots Melted 5 | . . . . . . . . . . . . . . . . . . 3 . . . 1 . . 1 . . Combat Hostiles 5 | . . . . . . . . . . . . . . . . . . 3 . . . 1 . . 1 . . Parts Melted 53 | . . . . . 5 5 . . . 8 . . . . . . . 21 . . . 3 . . 1 6 4 Heat Transferred 23980 | . . . . . 2812 2466 . . 250 4675 . . . . 250 1876 600 5400 . 74 925 1110 333 38 629 1517 1025 Parts Sabotaged 2 | . . . . . . . . . . . . . . . . . . . . . . . . . . . 2 Parts Stolen . | . . . . . . . . . . . . . . . . . . . . . . . . . . . . Parts Stripped . | . . . . . . . . . . . . . . . . . . . . . . . . . . . . Power Chain Reactions 8 | . . . . . . 3 . . . . . . . . . 5 . . . . . . . . . . . Alert | -11 -10 -10 -10 -9 -8 -8 -8 -8 -7 -7 -7 -7 -7 -6 -6 -6 -5 -5 -5 -5 -4 -4 -4 -4 -3 -3 -3 ------- Run | Yrd Mat Min Exi Min Mat Gar Mat Gar Fac Gar Fac Low Dat Pro Fac Ext Fac Gar Fac DSF Fac Upp Upp War Pro Res Arm Maximum Alert Level 5 | . . . . . 2 4 3 5 3 5 5 . . . 2 3 2 5 4 4 3 . . . . . 2 Low Security (%) 28 | 100 100 100 . 100 60 . . . . . . . . . 41 3 . . . . 18 . . . . 100 68 Level 1 6 | . . . . . 29 10 . . . . . . . . 12 14 28 1 . . 13 . . . . . 15 Level 2 12 | . . . . . 10 18 7 6 . 6 . . . . 45 12 71 9 . . 54 . . . . . 16 Level 3 18 | . . . . . . 34 92 33 100 21 . . . . . 68 . 11 . 52 12 . . . . . . Level 4 20 | . . . . . . 36 . 52 . 16 99 . . . . . . 33 100 47 . . . . . . . Level 5 12 | . . . . . . . . 6 . 55 . . . . . . . 44 . . . . . . . . . High Security . | . . . . . . . . . . . . . . . . . . . . . . . . . . . . Max Security . | . . . . . . . . . . . . . . . . . . . . . . . . . . . . Sterilizations 1 | . . . . . . . . . . . . . . . . . . . . 1 . . . . . . . Peak Influence 2582 | 5 132 145 . 195 445 1566 850 1651 866 2466 1603 . . . 471 1039 586 2582 1355 1198 738 . . . . 105 542 Initial 1355 | . . 30 . . 45 276 763 542 866 518 1294 . . . . 198 487 394 1355 945 628 . . . . 84 43 Average 814 | 1 60 33 . 58 197 961 749 1147 796 1567 1386 . . . 255 751 439 1541 1351 1097 496 . . . . 42 146 Influence Increases 16784 | 10 488 253 . 247 1074 1390 333 1219 15 2148 926 . . 194 661 1891 351 2288 5 313 756 454 196 101 235 289 947 Destroy 0b10 Robot/C 8560 | . 280 160 . 140 600 680 200 660 . 740 500 . . 140 360 1120 140 860 . 220 440 360 160 80 120 140 460 Destroy 0b10 Robot/NC 390 | 10 35 5 . 15 55 25 10 10 . 40 65 . . . 25 35 20 15 . . 10 . . 10 . . 5 Destroy Leader 1150 | . 70 20 . 20 144 40 52 40 . 50 134 . . 40 84 102 30 50 . 30 92 30 20 . 10 40 52 Allied During Kill 1241 | . . 38 . 42 20 47 . 2 . 138 84 . . 14 60 470 7 131 . 45 52 64 16 11 . . . Successful Hack 257 | . 27 . . . 28 44 9 21 . 14 27 . . . . 20 . 16 5 . 15 . . . . 21 10 Select Force Hacks 110 | . 60 . . . . . . . . . 20 . . . 30 . . . . . . . . . . . . Disable Machine 555 | . . . . . 15 30 30 30 15 15 90 . . . 30 60 60 15 . . 45 . . . . 15 105 Anti-Garrison Action 2700 | . . . . . . 450 . 350 . 1000 . . . . . . . 900 . . . . . . . . . Destroy Structure 1236 | . 1 . . . 2 74 17 61 . 151 6 . . . 57 69 94 256 . 18 102 . . . . 58 270 Partial Spotted 30 | . . . . . . . . . . . . . . . 15 . . . . . . . . . . 15 . Lose Combat Pursuer 555 | . 15 30 . 30 210 . 15 45 . . . . . . . 15 . 45 . . . . . . 105 . 45 Influence Decreases 16274 | 10 410 331 . 130 766 249 1065 402 925 423 1848 1149 395 194 254 1303 782 270 1237 465 1846 350 381 128 110 331 520 Entered New Map 7790 | . . 48 . . 72 149 803 292 785 223 1172 572 395 . . 209 508 170 1227 405 570 41 41 27 . 41 40 Time Decay 5779 | 10 380 253 . 120 514 . 262 . 140 . 556 577 . 174 224 534 254 . 10 . 526 289 320 24 100 232 280 Lost Part 928 | . 30 10 . 10 100 60 . 90 . 140 20 . . 20 10 70 . 40 . . 40 20 . . 10 58 200 Lost Ally 1027 | . . 20 . . 80 40 . 20 . 60 100 . . . 20 340 20 60 . 60 110 . 20 77 . . . Purge Threat 750 | . . . . . . . . . . . . . . . . 150 . . . . 600 . . . . . . Squads Dispatched 57 | . 3 . . . 4 . 2 . 1 . 12 . . . 6 6 4 . . 2 9 . . . . 6 2 Investigation 14 | . 2 . . . 1 . . . 1 . 3 . . . 3 1 1 . . . 1 . . . . 1 . Extermination 12 | . . . . . . . . . . . 2 . . . 1 . 2 . . . 3 . . . . 2 2 Reinforcement 13 | . 1 . . . . . 1 . . . 2 . . . 2 1 . . . 2 4 . . . . . . Assault 9 | . . . . . . . 1 . . . 3 . . . . 4 . . . . 1 . . . . . . Garrison 9 | . . . . . 3 . . . . . 2 . . . . . 1 . . . . . . . . 3 . Intercept . | . . . . . . . . . . . . . . . . . . . . . . . . . . . . Searches Triggered . | . . . . . . . . . . . . . . . . . . . . . . . . . . . . Data Miner Redirects 7 | . . . . . . . . . . . . . . . 1 3 1 . . . 1 . . . . 1 . Construction Impeded 2 | . . . . . . . . . . . 1 . . . 1 . . . . . . . . . . . . Haulers Reinforced 2 | . . . . . . . . . . . 1 . . . 1 . . . . . . . . . . . . Active Scanning Responses . | . . . . . . . . . . . . . . . . . . . . . . . . . . . . Cargo Convoy Interrupts . | . . . . . . . . . . . . . . . . . . . . . . . . . . . . Stealth | -11 -10 -10 -10 -9 -8 -8 -8 -8 -7 -7 -7 -7 -7 -6 -6 -6 -5 -5 -5 -5 -4 -4 -4 -4 -3 -3 -3 --------- Run | Yrd Mat Min Exi Min Mat Gar Mat Gar Fac Gar Fac Low Dat Pro Fac Ext Fac Gar Fac DSF Fac Upp Upp War Pro Res Arm Distress Signals 23 | . 1 . . . 1 . 3 . . 1 2 . . . 3 2 2 . . . 2 . . 3 . . 3 Communications Jammed . | . . . . . . . . . . . . . . . . . . . . . . . . . . . . Distress Signals . | . . . . . . . . . . . . . . . . . . . . . . . . . . . . Times Spotted 519 | . 25 8 . 9 47 30 14 35 3 38 29 . . 7 20 64 8 46 . 11 29 18 8 8 17 10 35 Peak Tracking Total 12 | . 4 3 . 4 7 7 5 5 3 5 5 . . 3 5 10 5 12 . 5 7 7 4 6 6 4 12 Tactical Retreats 25 | . 1 1 . 1 12 . 1 2 . . . . . . . 1 . 2 . . . . . . 2 . 2 Traps | -11 -10 -10 -10 -9 -8 -8 -8 -8 -7 -7 -7 -7 -7 -6 -6 -6 -5 -5 -5 -5 -4 -4 -4 -4 -3 -3 -3 ------- Run | Yrd Mat Min Exi Min Mat Gar Mat Gar Fac Gar Fac Low Dat Pro Fac Ext Fac Gar Fac DSF Fac Upp Upp War Pro Res Arm Traps Triggered 40 | . 3 . . . 1 5 3 7 1 6 2 . . . 2 3 . 5 . . 2 . . . . . . Indirectly . | . . . . . . . . . . . . . . . . . . . . . . . . . . . . Trap Hack Attempts . | . . . . . . . . . . . . . . . . . . . . . . . . . . . . Triggered . | . . . . . . . . . . . . . . . . . . . . . . . . . . . . Disarmed 6 | . . . . . . . . . . . . . . . . 6 . . . . . . . . . . . Reprogrammed . | . . . . . . . . . . . . . . . . . . . . . . . . . . . . Reused . | . . . . . . . . . . . . . . . . . . . . . . . . . . . . Traps Extracted . | . . . . . . . . . . . . . . . . . . . . . . . . . . . . Installed . | . . . . . . . . . . . . . . . . . . . . . . . . . . . . Triggered . | . . . . . . . . . . . . . . . . . . . . . . . . . . . . Most Traps Carried 4 | . . . . 4 4 . . . . . . . . . . . . . . . . . . . . . . Machines | -11 -10 -10 -10 -9 -8 -8 -8 -8 -7 -7 -7 -7 -7 -6 -6 -6 -5 -5 -5 -5 -4 -4 -4 -4 -3 -3 -3 ---------- Run | Yrd Mat Min Exi Min Mat Gar Mat Gar Fac Gar Fac Low Dat Pro Fac Ext Fac Gar Fac DSF Fac Upp Upp War Pro Res Arm Machines Disabled 69 | . . . . . 1 7 2 9 1 8 6 . . . 2 5 4 9 . . 3 4 . . . 1 7 Max in Single Turn 2 | . . . . . 1 1 2 2 1 2 1 . . . 1 1 2 2 . . 1 2 . . . 1 1 Garrison Access 1 | . . . . . . . . . . . 1 . . . . . . . . . . . . . . . . Garrison Relay 19 | . . . . . . 5 . 5 . 5 . . . . . . . 4 . . . . . . . . . Phase Generator 2 | . . . . . . . . . . 1 . . . . . . . 1 . . . . . . . . . Energy Cycler 2 | . . . . . . . . . . . . . . . . 2 . . . . . . . . . . . Machines Repaired . | . . . . . . . . . . . . . . . . . . . . . . . . . . . . Machines Dismantled . | . . . . . . . . . . . . . . . . . . . . . . . . . . . . Machines Sabotaged . | . . . . . . . . . . . . . . . . . . . . . . . . . . . . Overloaded Fab Kills . | . . . . . . . . . . . . . . . . . . . . . . . . . . . . Hacking | -11 -10 -10 -10 -9 -8 -8 -8 -8 -7 -7 -7 -7 -7 -6 -6 -6 -5 -5 -5 -5 -4 -4 -4 -4 -3 -3 -3 --------- Run | Yrd Mat Min Exi Min Mat Gar Mat Gar Fac Gar Fac Low Dat Pro Fac Ext Fac Gar Fac DSF Fac Upp Upp War Pro Res Arm Machines Accessed 71 | . 9 . 1 . 10 3 4 4 1 2 7 . 4 . 6 4 4 3 1 . 2 1 . 1 . 3 1 Terminals 51 | . 7 . . . 7 3 3 4 . 2 4 . . . 5 4 2 3 1 . 1 1 . . . 3 1 Fabricators 3 | . . . . . . . . . . . 1 . . . . . 1 . . . 1 . . . . . . Repair Stations . | . . . . . . . . . . . . . . . . . . . . . . . . . . . . Recycling Units 3 | . 2 . . . . . . . . . . . . . 1 . . . . . . . . . . . . Scanalyzers 3 | . . . . . 2 . . . . . 1 . . . . . . . . . . . . . . . . Garrison Access 5 | . . . . . 1 . 1 . 1 . 1 . . . . . 1 . . . . . . . . . . Total Hacks 206 | . 27 . 1 . 42 3 7 5 3 2 17 . 29 . 16 9 10 5 3 . 11 5 . 1 . 8 2 Successful 116 | . 15 . 1 . 23 3 3 3 1 2 7 . 29 . 3 4 3 3 1 . 7 5 . 1 . 1 1 Failed 89 | . 12 . . . 18 . 4 2 2 . 10 . . . 13 5 7 2 2 . 4 . . . . 7 1 Catastrophic 19 | . 2 . . . 3 . 1 . . . 2 . . . 3 2 4 . . . 1 . . . . 1 . Database Lockouts 1 | . . . . . 1 . . . . . . . . . . . . . . . . . . . . . . Manual 57 | . 17 . . . 22 . 6 . . . 4 . . . 3 . . . . . 2 . . 1 . 2 . Terminals 136 | . 22 . . . 33 3 6 5 . 2 13 . . . 11 9 4 5 3 . 5 5 . . . 8 2 Fabricators 11 | . . . . . . . . . . . 1 . . . . . 4 . . . 6 . . . . . . Repair Stations . | . . . . . . . . . . . . . . . . . . . . . . . . . . . . Recycling Units 10 | . 5 . . . . . . . . . . . . . 5 . . . . . . . . . . . . Scanalyzers 10 | . . . . . 8 . . . . . 2 . . . . . . . . . . . . . . . . Garrison Access 8 | . . . . . 1 . 1 . 3 . 1 . . . . . 2 . . . . . . . . . . Terminal Hacks 75 | . 5 . 1 . 10 3 . 3 . 2 4 . 29 . 1 4 . 3 1 . 1 5 . 1 . 1 1 Record 17 | . . . 1 . . . . . . . . . 11 . . . . . . . . 5 . . . . . Part Schematic 10 | . . . . . . . . . . . . . 10 . . . . . . . . . . . . . . Robot Schematic 5 | . . . . . . . . . . . . . 5 . . . . . . . . . . . . . . Robot Analysis 2 | . . . . . 1 . . . . . . . . . . 1 . . . . . . . . . . . Prototype ID Bank 5 | . . . . . 1 . . . . . 1 . 3 . . . . . . . . . . . . . . Open Door 4 | . . . . . . . . 1 . 1 . . . . 1 . . . . . . . . 1 . . . Open DSF 1 | . . . . . . . . . . . . . . . . . . . 1 . . . . . . . . Level Access Points 1 | . . . . . . . . . . . . . . . . . . . . . . . . . . 1 . Branch Access Points 3 | . . . . . 1 . . . . . 1 . . . . . . . . . 1 . . . . . . Emergency Access Points 4 | . . . . . . 1 . 1 . 1 . . . . . . . 1 . . . . . . . . . Recycling Unit Index 1 | . . . . . 1 . . . . . . . . . . . . . . . . . . . . . . Alert Level 2 | . 1 . . . 1 . . . . . . . . . . . . . . . . . . . . . . Unreport Threat 1 | . . . . . . . . . . . . . . . . 1 . . . . . . . . . . . Locate Traps 2 | . 1 . . . . . . . . . . . . . . 1 . . . . . . . . . . . Disarm Traps 1 | . . . . . . . . . . . . . . . . 1 . . . . . . . . . . . Registered Components 1 | . . . . . 1 . . . . . . . . . . . . . . . . . . . . . . Zone Layout 10 | . 3 . . . 4 . . . . . 2 . . . . . . . . . . . . . . . 1 Garrison Registry 2 | . . . . . . 1 . . . . . . . . . . . 1 . . . . . . . . . Patrol Navigation 1 | . . . . . . . . 1 . . . . . . . . . . . . . . . . . . . Security Stations 2 | . . . . . . 1 . . . . . . . . . . . 1 . . . . . . . . . Fabricator Hacks 7 | . . . . . . . . . . . . . . . . . 2 . . . 5 . . . . . . Network Status 1 | . . . . . . . . . . . . . . . . . . . . . 1 . . . . . . Load Schematic 3 | . . . . . . . . . . . . . . . . . 1 . . . 2 . . . . . . Build 3 | . . . . . . . . . . . . . . . . . 1 . . . 2 . . . . . . Repair Station Hacks . | . . . . . . . . . . . . . . . . . . . . . . . . . . . . Recycling Unit Hacks 2 | . 1 . . . . . . . . . . . . . 1 . . . . . . . . . . . . Retrieve Components 2 | . 1 . . . . . . . . . . . . . 1 . . . . . . . . . . . . Scanalyzer 7 | . . . . . 6 . . . . . 1 . . . . . . . . . . . . . . . . Retrieve Study 7 | . . . . . 6 . . . . . 1 . . . . . . . . . . . . . . . . Garrison Access Hacks 5 | . . . . . 1 . 1 . 1 . 1 . . . . . 1 . . . . . . . . . . Unlock Access 4 | . . . . . 1 . 1 . 1 . . . . . . . 1 . . . . . . . . . . Seal Access 1 | . . . . . . . . . . . 1 . . . . . . . . . . . . . . . . Unauthorized Hacks 20 | . 9 . . . 6 . 2 . . . 1 . . . 1 . . . . . 1 . . . . . . Terminals 15 | . 7 . . . 6 . 2 . . . . . . . . . . . . . . . . . . . . Botnet 3 | . 1 . . . . . 2 . . . . . . . . . . . . . . . . . . . . Operators 2 | . 1 . . . 1 . . . . . . . . . . . . . . . . . . . . . . Skim 10 | . 5 . . . 5 . . . . . . . . . . . . . . . . . . . . . . Fabricators 2 | . . . . . . . . . . . 1 . . . . . . . . . 1 . . . . . . Prioritize 1 | . . . . . . . . . . . . . . . . . . . . . 1 . . . . . . Download 1 | . . . . . . . . . . . 1 . . . . . . . . . . . . . . . . Repair Stations . | . . . . . . . . . . . . . . . . . . . . . . . . . . . . Recycling Units 3 | . 2 . . . . . . . . . . . . . 1 . . . . . . . . . . . . Tunnel 3 | . 2 . . . . . . . . . . . . . 1 . . . . . . . . . . . . Scanalyzers . | . . . . . . . . . . . . . . . . . . . . . . . . . . . . Garrison Access . | . . . . . . . . . . . . . . . . . . . . . . . . . . . . Data Cores Recovered 1 | . . . . . . . . . . . 1 . . . . . . . . . . . . . . . . Used . | . . . . . . . . . . . . . . . . . . . . . . . . . . . . Hacking Detections 54 | . 8 . . . 10 3 4 1 1 . 5 . . . 6 4 4 2 1 . 1 . . . . 3 1 Full Trace Events 7 | . . . . . 1 . . . 1 . 1 . . . 1 . 1 . . . 1 . . . . 1 . Feedback Events 1 | . . . . . . . . . . . . . . . . . 1 . . . . . . . . . . Corruption 1 | . . . . . . . . . . . . . . . . . 1 . . . . . . . . . . Feedback Blocked . | . . . . . . . . . . . . . . . . . . . . . . . . . . . . Robot Schematics Acquired 6 | . . . . . . . . . . . 1 . 5 . . . . . . . . . . . . . . Robots Built 8 | . . . . . . . . . . . . . . . . . 2 . . . 6 . . . . . . Authchips 3 | . . . . . . . . . . . . . . . . . 1 . . . 2 . . . . . . Time 320 | . . . . . . . . . . . . . . . . . 84 . . . 236 . . . . . . Total Robot Build Rating 40 | . . . . . . . . . . . . . . . . . 12 . . . 28 . . . . . . Part Schematics Acquired 10 | . . . . . . . . . . . . . 10 . . . . . . . . . . . . . . Parts Built . | . . . . . . . . . . . . . . . . . . . . . . . . . . . . Authchips . | . . . . . . . . . . . . . . . . . . . . . . . . . . . . Time . | . . . . . . . . . . . . . . . . . . . . . . . . . . . . Total Part Build Rating . | . . . . . . . . . . . . . . . . . . . . . . . . . . . . Part Studies Acquired 6 | . . . . . 6 . . . . . . . . . . . . . . . . . . . . . . Parts Repaired . | . . . . . . . . . . . . . . . . . . . . . . . . . . . . Time . | . . . . . . . . . . . . . . . . . . . . . . . . . . . . Parts Recycled . | . . . . . . . . . . . . . . . . . . . . . . . . . . . . Recycled Matter . | . . . . . . . . . . . . . . . . . . . . . . . . . . . . Retrieved Matter . | . . . . . . . . . . . . . . . . . . . . . . . . . . . . Retrieved Components 13 | . 10 . . . . . . . . . . . . . 3 . . . . . . . . . . . . Parts Scanalyzed . | . . . . . . . . . . . . . . . . . . . . . . . . . . . . Part Schematics Acquired . | . . . . . . . . . . . . . . . . . . . . . . . . . . . . Parts Damaged . | . . . . . . . . . . . . . . . . . . . . . . . . . . . . Bothacking | -11 -10 -10 -10 -9 -8 -8 -8 -8 -7 -7 -7 -7 -7 -6 -6 -6 -5 -5 -5 -5 -4 -4 -4 -4 -3 -3 -3 ------------ Run | Yrd Mat Min Exi Min Mat Gar Mat Gar Fac Gar Fac Low Dat Pro Fac Ext Fac Gar Fac DSF Fac Upp Upp War Pro Res Arm Used RIF Installer . | . . . . . . . . . . . . . . . . . . . . . . . . . . . . Robots Hacked 9 | . . . . . . . . . . . . . 1 . . 1 . . . . . . . 7 . . . Non-combat 1 | . . . . . . . . . . . . . . . . . . . . . . . . 1 . . . Combat 8 | . . . . . . . . . . . . . 1 . . 1 . . . . . . . 6 . . . Robot Hacks Applied 10 | . . . . . . . . . . . . . 2 . . 1 . . . . . . . 7 . . . parse_system 10 | . . . . . . . . . . . . . 2 . . 1 . . . . . . . 7 . . . Relay Couplers Released 79 | . . . . . . 17 . 23 . 22 . . . . . . . 17 . . . . . . . . . Machine Destruction 75 | . . . . . . 17 . 19 . 22 . . . . . . . 17 . . . . . . . . . Programmers 4 | . . . . . . . . 4 . . . . . . . . . . . . . . . . . . . Fabnet Peak Effective % . | . . . . . . . . . . . . . . . . . . . . . . . . . . . . Robots Rewired 40 | . . . . . . 3 . . . 6 . . . . . 20 . 6 . . . . . 5 . . . Allies Hacked 2 | . . . . . . . . . . 1 . . . . . 1 . . . . . . . . . . . Hacks Repelled . | . . . . . . . . . . . . . . . . . . . . . . . . . . . . Allies | -11 -10 -10 -10 -9 -8 -8 -8 -8 -7 -7 -7 -7 -7 -6 -6 -6 -5 -5 -5 -5 -4 -4 -4 -4 -3 -3 -3 -------- Run | Yrd Mat Min Exi Min Mat Gar Mat Gar Fac Gar Fac Low Dat Pro Fac Ext Fac Gar Fac DSF Fac Upp Upp War Pro Res Arm Total Allies 61 | . . 4 . 2 . 3 . 1 . 8 . . . 1 . 21 2 8 . . 6 . . 5 . . . Largest Group 13 | . . 4 3 4 4 3 . 1 . 6 5 . . 1 1 13 3 4 4 4 6 2 1 5 . . . Highest-Rated Group 439 | . . 71 55 74 74 72 . 31 . 192 159 . . 96 96 439 129 373 369 369 146 98 49 287 . . . Highest-Rated Ally 159 | . . 31 31 31 31 24 . 31 . 32 32 . . 96 96 159 49 99 99 99 84 49 49 68 . . . Initial Warlord ECA Mod 47 | . . . . . . . 11 11 21 21 31 31 31 30 30 30 29 28 38 38 47 46 46 46 45 45 45 Warlord Squad Rendezvous 2 | . . . . . . . . . . . . . . . . . 1 . . . 1 . . . . . . Dakka 1 | . . . . . . . . . . . . . . . . . 1 . . . . . . . . . . Geek 1 | . . . . . . . . . . . . . . . . . . . . . 1 . . . . . . Total Orders 11 | . . . . . . . . . . 4 . . . . . . . . . . 3 1 . 3 . . . STAY 4 | . . . . . . . . . . 2 . . . . . . . . . . . . . 2 . . . FOLLOW 3 | . . . . . . . . . . 2 . . . . . . . . . . . . . 1 . . . EXPLORE 4 | . . . . . . . . . . . . . . . . . . . . . 3 1 . . . . . Ally Attacks 543 | . . 19 . 1 14 37 . 3 . 33 20 . . 14 23 210 10 40 . 19 34 24 4 38 . . . Total Damage 14632 | . . 120 . 16 124 910 . 42 . 782 716 . . 591 1107 5298 325 1238 . 470 376 711 142 1664 . . . Kills 113 | . . 2 . 1 1 11 . 1 . 8 9 . . 2 5 39 2 6 . 3 6 8 3 6 . . . Allies Corrupted 1 | . . . . . . . . . . 1 . . . . . . . . . . . . . . . . . Allies Melted 2 | . . . . . . . . . . . . . . . . . . 1 . . . . . 1 . . . Intel | -11 -10 -10 -10 -9 -8 -8 -8 -8 -7 -7 -7 -7 -7 -6 -6 -6 -5 -5 -5 -5 -4 -4 -4 -4 -3 -3 -3 ------- Run | Yrd Mat Min Exi Min Mat Gar Mat Gar Fac Gar Fac Low Dat Pro Fac Ext Fac Gar Fac DSF Fac Upp Upp War Pro Res Arm Active Infowar (turns) 9691 | 25 1513 1239 708 736 765 . . . . . . . . . . . 480 62 . . 1074 872 756 . . 719 742 Optics 2220 | . . . . . 759 . . . . . . . . . . . . . . . . . . . . 719 742 Sensors 2468 | . . . . . . . . . . . . . . . . . 480 62 . . 1054 872 . . . . . IFF 756 | . . . . . . . . . . . . . . . . . . . . . . . 756 . . . . Seismic 4287 | 25 1513 1239 708 736 66 . . . . . . . . . . . . . . . . . . . . . . Cloaking 240 | . . . . . . . . . . . . . . . . . . . . . 240 . . . . . . Robot Analysis Total 2 | . . . . . 1 . . . . . . . . . . 1 . . . . . . . . . . . Derelict Logs Recovered 9 | . . 3 . 1 . . . . . . . 1 . 2 . . . . . . . 1 1 . . . . Drone Launches 8 | . . . . . . . . . . . . . . . . . . . . . 6 2 . . . . . Drone Recoveries 2 | . . . . . . . . . . . . . . . . . . . . . . 2 . . . . . Exploration | -11 -10 -10 -10 -9 -8 -8 -8 -8 -7 -7 -7 -7 -7 -6 -6 -6 -5 -5 -5 -5 -4 -4 -4 -4 -3 -3 -3 ------------- Run | Yrd Mat Min Exi Min Mat Gar Mat Gar Fac Gar Fac Low Dat Pro Fac Ext Fac Gar Fac DSF Fac Upp Upp War Pro Res Arm Turns Passed 30054 | 126 1513 1239 708 736 1411 1881 570 1738 298 2777 1638 1765 292 782 653 1511 543 2684 28 163 1466 1014 925 1697 396 758 742 Spaces Moved 14082 | 73 696 667 453 578 530 713 312 753 173 1134 630 728 116 283 303 658 268 1205 19 72 700 583 542 966 234 327 366 Core 24 | 18 . . . . . . . . . . . . . . . . . . . . . . . . . . 6 Treads 10213 | 55 696 667 135 . 458 367 . 86 . 307 630 728 116 283 303 658 268 1205 19 72 700 583 542 966 234 135 . Legs 552 | . . . . . . . . . . . . . . . . . . . . . . . . . . 192 360 Wheels 3293 | . . . 318 578 72 346 312 667 173 827 . . . . . . . . . . . . . . . . . Hover . | . . . . . . . . . . . . . . . . . . . . . . . . . . . . Flight . | . . . . . . . . . . . . . . . . . . . . . . . . . . . . Fastest Speed 50 | 50 160 160 105 105 100 145 140 140 160 145 220 240 240 160 160 160 160 152 152 152 150 152 152 152 155 110 108 Average Speed 172 | 132 160 177 145 105 178 180 151 165 160 176 229 240 240 233 184 180 168 183 152 160 152 152 160 152 155 179 136 Slowest Speed 1350 | 160 160 240 240 105 320 320 160 360 160 240 240 240 240 240 240 320 240 320 152 237 155 152 237 237 155 330 1350 Overloaded Moves . | . . . . . . . . . . . . . . . . . . . . . . . . . . . . Propulsion Burnouts . | . . . . . . . . . . . . . . . . . . . . . . . . . . . . Robots Hopped . | . . . . . . . . . . . . . . . . . . . . . . . . . . . . Potential Cave-ins . | . . . . . . . . . . . . . . . . . . . . . . . . . . . . Cave-ins Triggered . | . . . . . . . . . . . . . . . . . . . . . . . . . . . . Exploration Rate (%) 57 | 4 93 94 85 96 44 84 31 88 7 94 21 90 73 52 10 86 11 98 1 67 23 81 79 91 55 11 31 Regions Visited 27 Branch Regions 12 Pre-discovered Areas 9 | . 2 1 . 1 2 . . . . . . 1 1 . 1 . . . . . . . . . . . . Known Exits Taken 14 | . 1 1 1 . 1 . 1 . 1 . 1 . . 1 . . 1 . 1 . 1 1 . . 1 1 . Unknown Exits Taken 8 | 1 . . . 1 . . . . . . . 1 1 . 1 1 . . . . . . 1 1 . . . Scrap Searched 17 | . . 1 . 2 . . . . . . . 5 . 4 . . . . . . . 2 3 . . . . Spaces Dug 112 | . . . . . . . . . . . 1 2 . . . . 5 . . . 17 1 . 7 . 15 64 Terrain Destroyed 867 | . . . . . . 4 22 . . 75 3 2 . 43 113 78 58 155 . 6 60 37 4 8 7 30 162 Melee 2 | . . . . . . . . . . . . 2 . . . . . . . . . . . . . . . Projectile 239 | . . . . . . . 22 . . 2 3 . . 3 1 21 6 5 . 6 60 20 4 8 7 30 41 AOE 626 | . . . . . . 4 . . . 73 . . . 40 112 57 52 150 . . . 17 . . . . 121 Terrain Rammed . | . . . . . . . . . . . . . . . . . . . . . . . . . . . . Walls Destroyed . | . . . . . . . . . . . . . . . . . . . . . . . . . . . . Machines Disabled . | . . . . . . . . . . . . . . . . . . . . . . . . . . . . Actions | -11 -10 -10 -10 -9 -8 -8 -8 -8 -7 -7 -7 -7 -7 -6 -6 -6 -5 -5 -5 -5 -4 -4 -4 -4 -3 -3 -3 --------- Run | Yrd Mat Min Exi Min Mat Gar Mat Gar Fac Gar Fac Low Dat Pro Fac Ext Fac Gar Fac DSF Fac Upp Upp War Pro Res Arm Total 17614 | 94 960 698 502 664 810 1051 367 1006 190 1578 722 742 127 352 359 844 334 1467 18 97 1005 669 590 1188 245 424 511 Wait 1225 | . 159 12 45 44 77 100 18 67 1 140 20 . . 34 3 40 12 37 . . 188 56 26 127 . 8 11 Move 14054 | 72 695 666 452 577 530 712 311 752 173 1131 629 727 115 282 302 657 268 1202 18 71 699 582 541 965 233 326 366 Hop . | . . . . . . . . . . . . . . . . . . . . . . . . . . . . Pick Up 319 | 11 14 5 2 7 36 28 7 20 5 33 9 4 . 2 12 12 6 31 . 6 22 1 4 16 . 12 14 Fast Attach 59 | 1 . . . . 4 4 1 4 . 4 2 . 2 . 2 3 5 8 . 1 2 . 2 2 . 6 6 Attach 195 | 6 3 . 1 . 20 13 1 10 5 16 3 . . 7 5 12 10 15 . . 18 5 2 18 . 13 12 Detach 49 | . . . . . . 2 . . . 1 1 . . 2 2 6 6 2 . . 6 3 4 7 . 1 6 Swap 104 | . 6 . 2 4 13 12 2 1 1 8 4 4 3 . 6 2 4 17 . 2 6 . . 6 . . 1 Drop 255 | . 9 . . 4 26 23 8 12 3 25 9 4 2 1 7 13 7 32 . 6 18 . 7 19 . 8 12 Fire 1106 | 4 74 15 . 28 104 86 19 102 2 134 45 1 5 24 20 93 16 87 . 11 45 20 4 28 12 50 77 Melee 163 | . . . . . . 59 . 17 . 58 . 2 . . . . . 21 . . . . . . . . 6 Ram . | . . . . . . . . . . . . . . . . . . . . . . . . . . . . Kick . | . . . . . . . . . . . . . . . . . . . . . . . . . . . . Crush 3 | . . . . . . . . . . . . . . . . 1 . . . . . 2 . . . . . Escape Stasis 65 | . . . . . . 4 . 21 . 28 . . . . . 4 . 8 . . . . . . . . . Rewire 16 | . . . . . . 8 . . . . . . . . . 1 . 7 . . . . . . . . . Trap . | . . . . . . . . . . . . . . . . . . . . . . . . . . . . Miscellaneous 1 | . . . . . . . . . . . . . . . . . . . . . 1 . . . . . . Route ------- -11/Scrapyard -10/Materials (discovered 4 exits: *Mat x3 / *Min) -10/Mines (discovered 3 exits: *Mat x2 / *Exi) -10/Exiles -9/Mines (discovered 2 exits: *Mat x2) -8/Materials (discovered 5 exits: Fac x2 / *Sto x2 / Gar) -8/Garrison (discovered 4 exits: *Mat x4) -8/Materials (discovered 2 exits: *Fac / Gar) -8/Garrison (discovered 3 exits: *Fac x3) -7/Factory (discovered 2 exits: *Fac / Gar) -7/Garrison (discovered 3 exits: *Fac x3) -7/Factory (discovered 2 exits: *Low x2) -7/Lower Caves (discovered 2 exits: [*Low] / *Dat) -7/Data Miner -6/Proximity Caves -6/Factory -6/Extension (discovered 3 exits: *Fac x2 / [*Cet]) -5/Factory -5/Garrison (discovered 3 exits: *Fac x3) -5/Factory -5/DSF -4/Factory (discovered 3 exits: *Res / *Upp x2) -4/Upper Caves -4/Upper Caves (discovered 2 exits: *Res / *War) -4/Warlord -3/Proximity Caves -3/Research (discovered 4 exits: Res x3 / *Arm) -3/Armory History --------- Turn | Location | Event 24 | -11/Scrapyard | Discovered new exit (range 16) 127 | -11/Scrapyard | Entered Materials 318 | -10/Materials | Build established: Mutant 502 | -10/Materials | Discovered new exit (range 14) 745 | -10/Materials | Learned Storage emergency access door positions 796 | -10/Materials | Learned Storage non-interactive machine intel 837 | -10/Materials | Identified exit to Mines 868 | -10/Materials | Learned Recycling recycling unit intel 888 | -10/Materials | Learned location of 1 exit from Storage 899 | -10/Materials | Identified exit to Materials 918 | -10/Materials | Learned location of 2 exits from Mines 947 | -10/Materials | Loaded intel: 11 interactive machine locations 987 | -10/Materials | Learned Storage emergency access door positions 1640 | -10/Materials | Entered Mines 1641 | -10/Mines | Identified exit to Exiles 1650 | -10/Mines | Learned Materials garrison access intel 1709 | -10/Mines | Met a Derelict bent on vengeance 1752 | -10/Mines | Assisted by bots powering up and referring to "LRC-V3" 1807 | -10/Mines | Learned Materials security intel 2160 | -10/Mines | Discovered exit to Materials (range 10) 2193 | -10/Mines | Escorted by a lone wolf Derelict 2856 | -10/Mines | Deemed a non-threat by the Exiles lab entrance 2879 | -10/Mines | Entered Exiles 2879 | -10/Exiles | Found Exiles lab abandoned 2879 | -10/Exiles | Accompanied by 3 allies 2880 | -10/Exiles | Identified exit to Mines 3587 | -10/Exiles | Entered Mines 3587 | -9/Mines | Accompanied by 2 allies 3680 | -9/Mines | Found a hidden stash of uninstalled traps 3706 | -9/Mines | Discovered new exit (range 10) 3870 | -9/Mines | Learned location of Zion (-6) 4012 | -9/Mines | Discovered new exit (range 6) 4057 | -9/Mines | Core integrity fell below 50% 4323 | -9/Mines | Entered Materials 4323 | -8/Materials | Accompanied by 4 allies 4323 | -8/Materials | Evolved 4 slots: Propulsion x1, Utility x1, Weapon x2 4325 | -8/Materials | Loaded intel: 1 garrison access location 4328 | -8/Materials | Led the pair of lost Derelicts to an unsafe place 4390 | -8/Materials | Identified exit to Storage 4632 | -8/Materials | Build established: Scavenger-Skirmisher 4818 | -8/Materials | Central database locked down 4945 | -8/Materials | Learned location of 1 exit from Recycling 5016 | -8/Materials | Identified exit to Factory 5078 | -8/Materials | Learned Factory stockpile data 5098 | -8/Materials | Lost 7 parts (1p2n4w) 5128 | -8/Materials | Learned 4 Factory zone layouts 5170 | -8/Materials | Learned location of Lower Caves (-6) 5286 | -8/Materials | Learned location of 1 exit from Recycling 5375 | -8/Materials | Garrison activated, responded to threat 5450 | -8/Materials | Build established: Scavenger-Gunner 5734 | -8/Materials | Identified exit to Garrison 5734 | -8/Materials | Entered Garrison 5750 | -8/Garrison | Triggered checkpoint 5914 | -8/Garrison | Triggered checkpoint 5935 | -8/Garrison | Garrison Relay disabled 5991 | -8/Garrison | Triggered checkpoint 6016 | -8/Garrison | Destroyed 8 combat bots 6074 | -8/Garrison | Triggered checkpoint 6132 | -8/Garrison | Discovered new exit (range 14) 6152 | -8/Garrison | Discovered new exit (range 5) 6250 | -8/Garrison | Triggered checkpoint 6314 | -8/Garrison | Garrison Relay disabled 6376 | -8/Garrison | Learned Materials security intel 6484 | -8/Garrison | Triggered checkpoint 6516 | -8/Garrison | Triggered checkpoint 6534 | -8/Garrison | Triggered checkpoint 6869 | -8/Garrison | Discovered new exit (range 12) 6932 | -8/Garrison | Triggered checkpoint 7054 | -8/Garrison | Garrison Relay disabled 7178 | -8/Garrison | Discovered new exit (range 21) 7178 | -8/Garrison | Discovered new exit (range 59) 7178 | -8/Garrison | Discovered new exit (range 52) 7178 | -8/Garrison | Discovered new exit (range 36) 7239 | -8/Garrison | Garrison Relay disabled 7488 | -8/Garrison | Garrison Relay disabled 7615 | -8/Garrison | Entered Materials 7667 | -8/Materials | Build established: Tank 7941 | -8/Materials | Discovered exit to Factory (range 5) 8015 | -8/Materials | First assault squad dispatched 8184 | -8/Materials | Identified exit to Garrison 8185 | -8/Materials | Entered Garrison 8237 | -8/Garrison | Triggered checkpoint 8285 | -8/Garrison | Garrison Relay disabled 8477 | -8/Garrison | Triggered checkpoint 8597 | -8/Garrison | Triggered checkpoint 8604 | -8/Garrison | Core integrity fell below 50% 8632 | -8/Garrison | Garrison Relay disabled 8673 | -8/Garrison | System corruption reached 10% 8763 | -8/Garrison | Rescued a captive Derelict 8803 | -8/Garrison | Discovered exit to Factory (range 12) 8811 | -8/Garrison | Triggered checkpoint 8825 | -8/Garrison | Triggered checkpoint 8825 | -8/Garrison | Garrison Relay disabled 8953 | -8/Garrison | Triggered checkpoint 9043 | -8/Garrison | Triggered checkpoint 9109 | -8/Garrison | Garrison Relay disabled 9217 | -8/Garrison | Discovered exit to Factory (range 5) 9528 | -8/Garrison | Build established: Mutant 9533 | -8/Garrison | Triggered checkpoint 9571 | -8/Garrison | Triggered checkpoint 9672 | -8/Garrison | Discovered exit to Factory (range 10) 9769 | -8/Garrison | Triggered checkpoint 9808 | -8/Garrison | Garrison Relay disabled 9923 | -8/Garrison | Entered Factory 9923 | -7/Factory | Evolved 2 slots: Utility x2 10203 | -7/Factory | Discovered new exit (range 11) 10219 | -7/Factory | Build established: Pyromaniac-Tank 10221 | -7/Factory | Identified exit to Garrison 10221 | -7/Factory | Entered Garrison 10249 | -7/Garrison | Triggered checkpoint 10334 | -7/Garrison | Lost 3 parts (1p2w) 10342 | -7/Garrison | Garrison Relay disabled 10456 | -7/Garrison | Rescued a captive Derelict 10458 | -7/Garrison | Rescued a captive Derelict 10477 | -7/Garrison | Triggered checkpoint 10607 | -7/Garrison | Triggered checkpoint 10611 | -7/Garrison | Triggered checkpoint 10683 | -7/Garrison | Garrison Relay disabled 10767 | -7/Garrison | Discovered new exit (range 14) 10806 | -7/Garrison | Lost 4 parts (1n2u1w) 11193 | -7/Garrison | Garrison Relay disabled 11320 | -7/Garrison | Triggered checkpoint 11320 | -7/Garrison | Triggered checkpoint 11369 | -7/Garrison | Triggered checkpoint 11407 | -7/Garrison | Build established: Scavenger-Tank 11426 | -7/Garrison | Garrison Relay disabled 11505 | -7/Garrison | Discovered new exit (range 10) 11595 | -7/Garrison | Phase Generator disabled 11848 | -7/Garrison | Garrison Relay disabled 11874 | -7/Garrison | Discovered new exit (range 14) 12564 | -7/Garrison | Attempted to access garrison exit controls, blocked by remote lockdown 12776 | -7/Garrison | Attempted to access garrison exit controls, blocked by remote lockdown 12998 | -7/Garrison | Entered Factory 12998 | -7/Factory | Accompanied by 5 allies 13591 | -7/Factory | Identified exit to Lower Caves 13765 | -7/Factory | Garrison activated, responded to threat 13817 | -7/Factory | Lost 4 allies 13876 | -7/Factory | Destroyed 8 combat bots 14067 | -7/Factory | Build established: Tank 14198 | -7/Factory | First assault squad dispatched 14510 | -7/Factory | Build established: Scavenger-Tank 14636 | -7/Factory | Entered Lower Caves 14642 | -7/Lower Caves | Met a Warlord Commander 14643 | -7/Lower Caves | Learned location of Warlord (-4) 14644 | -7/Lower Caves | Warlord Commander delivered Encrypted Comm Array 14644 | -7/Lower Caves | Found Unknown Device 14645 | -7/Lower Caves | Identified Encrypted Comm Array 14915 | -7/Lower Caves | A Derelict revealed a hidden shortcut to meet someone special 15509 | -7/Lower Caves | Learned Factory stockpile data 15643 | -7/Lower Caves | Discovered new exit (range 6) 16401 | -7/Lower Caves | Entered Data Miner 16401 | -7/Data Miner | Discovered new exit (range 6) 16448 | -7/Data Miner | Met Data Miner 16556 | -7/Data Miner | Learned location of Section 7 (-2) 16556 | -7/Data Miner | Acquired the access code to Warlord's prototype stash 16597 | -7/Data Miner | Received God Mode back door access code from Data Miner 16693 | -7/Data Miner | Entered Proximity Caves 16915 | -6/Proximity Caves | Core integrity fell below 50% 17012 | -6/Proximity Caves | Spotted B-75 Beast 17040 | -6/Proximity Caves | Escorted by Enhanced Grunt 17063 | -6/Proximity Caves | Lost 4 parts (1p1u2w) 17068 | -6/Proximity Caves | Core integrity fell below 20% 17282 | -6/Proximity Caves | Learned Factory terminal intel 17342 | -6/Proximity Caves | Identified exit to Factory 17388 | -6/Proximity Caves | Build established: Tank 17475 | -6/Proximity Caves | Entered Factory 17475 | -6/Factory | Accompanied by 1 ally 17475 | -6/Factory | Evolved 2 slots: Power x1, Propulsion x1 17477 | -6/Factory | Loaded intel: 28 terminal locations 17601 | -6/Factory | Incoming investigation squad redirected 17788 | -6/Factory | Found Prototype Launcher 17789 | -6/Factory | Identified Scatter Rocket Array 17792 | -6/Factory | Found Scatter Rocket Array 17803 | -6/Factory | Found Scatter Rocket Array 17806 | -6/Factory | Found Scatter Rocket Array 18121 | -6/Factory | Discovered new exit (range 6) 18128 | -6/Factory | Entered Extension 18181 | -6/Extension | Rescued A7 18318 | -6/Extension | Energy Cycler disabled 18478 | -6/Extension | First assault squad dispatched 18494 | -6/Extension | Incoming assault squad redirected 18594 | -6/Extension | Spotted B-75 Beast 18613 | -6/Extension | Spotted B-75 Beast 18624 | -6/Extension | Allies destroyed B-75 Beast 18639 | -6/Extension | Allies destroyed B-75 Beast 18641 | -6/Extension | Discovered new exit (range 15) 18920 | -6/Extension | Incoming assault squad redirected 18947 | -6/Extension | P-60 Hacker assimilated allied WW-Y2H(g) 19018 | -6/Extension | Lost 12 allies 19199 | -6/Extension | Incoming assault squad redirected 19274 | -6/Extension | Discovered new exit (range 10) 19280 | -6/Extension | Discovered new exit (range 6) 19563 | -6/Extension | Build established: Scavenger-Tank 19639 | -6/Extension | Entered Factory 19639 | -5/Factory | Accompanied by 1 ally 19639 | -5/Factory | Evolved 2 slots: Utility x2 19787 | -5/Factory | Incoming investigation squad redirected 19923 | -5/Factory | Found Launcher Loader 19971 | -5/Factory | Fabricated Y-64 Sentinel? 20117 | -5/Factory | Garrison activated, responded to threat 20166 | -5/Factory | Joined by Warlord Dakka squad 20181 | -5/Factory | Identified exit to Garrison 20182 | -5/Factory | Entered Garrison 20418 | -5/Garrison | Garrison Relay disabled 20478 | -5/Garrison | Spotted B-75 Beast 20481 | -5/Garrison | Triggered checkpoint 20481 | -5/Garrison | Triggered checkpoint 20495 | -5/Garrison | Destroyed B-75 Beast 20516 | -5/Garrison | Destroyed 9 combat bots 20576 | -5/Garrison | Triggered checkpoint 20602 | -5/Garrison | Garrison Relay disabled 20656 | -5/Garrison | Discovered new exit (range 12) 20673 | -5/Garrison | Identified exit to Factory 20741 | -5/Garrison | Triggered checkpoint 20916 | -5/Garrison | Discovered exit to Factory (range 14) 21104 | -5/Garrison | Triggered checkpoint 21291 | -5/Garrison | Garrison Relay disabled 21400 | -5/Garrison | Triggered checkpoint 21510 | -5/Garrison | Triggered checkpoint 21665 | -5/Garrison | Learned Factory security intel 21680 | -5/Garrison | Garrison Relay disabled 21771 | -5/Garrison | Discovered exit to Factory (range 12) 21781 | -5/Garrison | Phase Generator disabled 21802 | -5/Garrison | Found embedded Infiltrators 22050 | -5/Garrison | Rewired Striker 22053 | -5/Garrison | Rewired Striker 22113 | -5/Garrison | Build established: Scavenger-Mutant 22579 | -5/Garrison | Attempted to access garrison exit controls, blocked by remote lockdown 22601 | -5/Garrison | Build established: Scavenger-Tank 22700 | -5/Garrison | Attempted to access garrison exit controls, blocked by remote lockdown 22823 | -5/Garrison | Discovered exit to Factory (range 43) 22823 | -5/Garrison | Discovered exit to Factory (range 62) 22823 | -5/Garrison | Discovered exit to Factory (range 23) 22866 | -5/Garrison | Entered Factory 22866 | -5/Factory | Accompanied by 4 allies 22894 | -5/Factory | Identified exit to DSF 22894 | -5/Factory | Entered DSF 22894 | -5/DSF | Accompanied by 4 allies 22911 | -5/DSF | Additional patrols routed to DSF 22956 | -5/DSF | Lost 3 allies 22992 | -5/DSF | Found Quantum Capacitor 22999 | -5/DSF | Sterilization system engaged 23005 | -5/DSF | Discovered new exit (range 16) 23019 | -5/DSF | Ambient heat levels rising (+10) 23034 | -5/DSF | Ambient heat levels rising (+10) 23049 | -5/DSF | Ambient heat levels rising (+10) 23054 | -5/DSF | Identified exit to Factory 23057 | -5/DSF | Entered Factory 23057 | -4/Factory | Accompanied by 1 ally 23057 | -4/Factory | Evolved 2 slots: Propulsion x2 23302 | -4/Factory | Allied Derelicts emerged from ambush trap array 23307 | -4/Factory | First assault squad dispatched 23307 | -4/Factory | Discovered new exit (range 10) 23333 | -4/Factory | Incoming assault squad redirected 23347 | -4/Factory | Lost 3 allies 23362 | -4/Factory | Identified exit to Research 23559 | -4/Factory | Joined by Warlord Geek squad 23824 | -4/Factory | Build established: Scavenger-Skirmisher 24135 | -4/Factory | Fabricated Y-64 Sentinel? 24199 | -4/Factory | Identified exit to Upper Caves 24312 | -4/Factory | Fabricated S-27 Virus? 24323 | -4/Factory | Build established: Scavenger-Mutant 24362 | -4/Factory | Lost 3 allies 24523 | -4/Factory | Entered Upper Caves 24523 | -4/Upper Caves | Accompanied by 2 allies 24620 | -4/Upper Caves | Learned Research emergency access door positions 24845 | -4/Upper Caves | Build established: Scavenger-Skirmisher 25263 | -4/Upper Caves | Discovered new exit (range 15) 25391 | -4/Upper Caves | Attracted the attention of an 0b10 base 25392 | -4/Upper Caves | Learned Research stockpile data 25392 | -4/Upper Caves | Identified exit to Upper Caves 25537 | -4/Upper Caves | Entered another Upper Caves area 25537 | -4/Upper Caves | Accompanied by 1 ally 25582 | -4/Upper Caves | Discovered exit to Research (range 9) 25679 | -4/Upper Caves | Build established: Scavenger-Tank 25771 | -4/Upper Caves | Learned Research emergency access door positions 26290 | -4/Upper Caves | Discovered new exit (range 8) 26462 | -4/Upper Caves | Entered Warlord 26514 | -4/Warlord | System corruption cleaned by Quarantine Array 26745 | -4/Warlord | Build established: Scavenger-Mutant 27161 | -4/Warlord | Opened Warlord's prototype stash 27190 | -4/Warlord | Found Prototype Device 27191 | -4/Warlord | Identified System Purifier 27198 | -4/Warlord | Found Prototype Reactor 27212 | -4/Warlord | Found System Mapper 27245 | -4/Warlord | Met Warlord 27270 | -4/Warlord | Warlord's base attacked by MAIN.C 27620 | -4/Warlord | Warlord forces counterattacked 27653 | -4/Warlord | Found Prototype Energy Gun 27655 | -4/Warlord | Found Prototype Energy Gun 27656 | -4/Warlord | Identified Vortex Rifle (x2) 27663 | -4/Warlord | Found Prototype Piercing Weapon 27669 | -4/Warlord | Found Prototype Piercing Weapon 27670 | -4/Warlord | Identified Vortex Lance (x2) 27679 | -4/Warlord | Met EX-DEC 27689 | -4/Warlord | Found Prototype Energy Cannon 27820 | -4/Warlord | Spotted Striker 27945 | -4/Warlord | Warlord base infiltrated, sounded retreat 27946 | -4/Warlord | Enhanced Grunt warped into view 27946 | -4/Warlord | Enhanced Grunt warped into view 27946 | -4/Warlord | Enhanced Grunt warped into view 27946 | -4/Warlord | Enhanced Demolisher warped into view 27946 | -4/Warlord | Enhanced Demolisher warped into view 27946 | -4/Warlord | Enhanced Demolisher warped into view 27957 | -4/Warlord | Build established: Scavenger-Tank 28082 | -4/Warlord | Lost 9 allies 28085 | -4/Warlord | Spotted Executioner 28123 | -4/Warlord | Discovered new exit (range 14) 28124 | -4/Warlord | Lost 5 allies 28159 | -4/Warlord | Entered Proximity Caves 28476 | -3/Proximity Caves | Attracted the attention of an 0b10 checkpoint 28535 | -3/Proximity Caves | Discovered exit to Research (range 15) 28555 | -3/Proximity Caves | Entered Research 28555 | -3/Research | Evolved 2 slots: Utility x2 28678 | -3/Research | Discovered new exit (range 3) 29006 | -3/Research | Garrison activated, responded to threat 29050 | -3/Research | Lost 5 parts (1p1n3u) 29064 | -3/Research | Incoming investigation squad redirected 29216 | -3/Research | Identified exit to Research 29313 | -3/Research | Identified exit to Armory 29313 | -3/Research | Entered Armory 29680 | -3/Armory | System corruption reached 10% 29772 | -3/Armory | Found Fusion Bomb Launcher 29774 | -3/Armory | Found Fusion Bomb Launcher 29847 | -3/Armory | Destroyed 10 combat bots 29854 | -3/Armory | Lost 5 parts (1p2n1u1w) 29961 | -3/Armory | Core integrity fell below 50% 29982 | -3/Armory | Lost 13 parts (1p5n3u4w) 29994 | -3/Armory | Destroyed 9 combat bots 30052 | -3/Armory | Core integrity fell below 20% 30055 | -3/Armory | Destroyed by P-80 Master with Gamma Rifle Last Messages --------------- 29965_ The unstable cave ceiling collapses. 29965_ 8 Matter crushed. 29966_ The unstable cave ceiling collapses. 29966_ Vortex Rifle implodes. 29966_ Reinforced Shell breached. 29969_ The unstable cave ceiling collapses. 29971_ System corrupted: Enh. Hardcell Cannon jammed. 29973_ The unstable cave ceiling collapses. 29973_ D-63 Destroyer destroyed. 29976_ The unstable cave ceiling collapses. 29978_ System corrupted: Matter fused (-5). 29981_ The unstable cave ceiling collapses. 30001_ System corrupted: Component data lost. 30005_ The unstable cave ceiling collapses. 30019_ System corrupted: Substantial component data lost. 30025_ The unstable cave ceiling collapses. 30042_ ALERT: Potential suspicious activity detected, Programmers report to Armory Zone 3W. 30043_ System corrupted: Heat flow error (+172). 30043_ The unstable cave ceiling collapses. Map ----- +----------------------------------------------------+ | ??????????????????????? ""### ## + | | ??????????????????????? ""### ## ##### ] | | ???????????????????????"""### ## ##### ""]" | | ???????????????????????###### ## ## " " | | ???????????????????????###### ## ## "]]" | | ???????????????????????###### ## # ## "]]" | | ??????????????????????? ## """" | | ??????????????????????? ## ### | | ??????????????????????? ######## ## # ## | | ????????????????????#""""######## # #####?##### | | ????????????????????# T#??## # #! [# | | ??????????????####### ##### ## # # | | ??????????????+ T"" #?????? | | ??????????????# ### # # """" #?????? | | ??????????????# ### # ## ######?????? | | ??????????????+ # ##### #??????????? | | ??????????????## ## # = #????##??????????? | | ???????????????# ??# # == #????????????????? | | ???????????????# ???# # == #????????????????? | | ????????????????????# # ===#????????????????? | | ????????????????????# # == #????????????????? | | ????????????????##### # == #????????????????? | | ????????????????+ + #????????????????? | | ????????????????+ # #????????????????? | | ????????????????###### ###g##+###????????????????? | | ?????????????????# [ p@ p #??????????????????? | | ??????########"### # p p """ #??????????????????? | | ?# * m """ #??????????????????? | | ?????????### # =#% # # """ #??????????????????? | | ?????????????# %! # #??????????????????? | | ???????????# " m # #??????????????????? | | ????????" # # # ####??????????????????? | | ?????" # # # #?????????????????????? | | ?????" " # #?????????????????????? | | ?????? # # ###?????????????????????? | | ?????#### # ###???????????????????????? | | ????????# ?????????????????????????? | | ???????# ##% #?????????????????????????? | | ??????# ### ### ##?????????????????????????? | | ??????# # ???????????????????????????? | | ??????## # ##???????????????????????????? | | ?????? ^ ?????????????????????????????? | | ????? ^ = # ?????????????????????????????? | | ?????^ ?????????????????????????????? | | ?????? # ?????????????????????????????? | | ?????? # ####??????????????????????????????? | | ????????""" ?##??????????????????????????????????? | | ??????????" ?????????????????????????????????????? | | ?????????????????????????????????????????????????? | | ?????????????????????????????????????????????????? | +----------------------------------------------------+ Best States ------------- Heat Dissipation 108 Coolant Potential 65 Energy Generation 45 Energy Capacity 770 Matter Stores 300 Matter Capacity 300 Sight Range 23 Robot Scan Range 16 Terrain Scan Density 10 Cloak Strength 2 Power Amplification 20 Armor Coverage 1200 Resistance: KI 30 Phase Shifting 10 Evasion (%) 55 Targeting Accuracy 6 Armor Integrity Analysis 30 Recoil Reduction 6 Salvage Targeting 4 Offensive Hacking 20 Authchip Count 9 Item Schematics ----------------- Combat Drone Bay | -7/Data Miner | Free Lgt. Regenerative Plating | -7/Data Miner | Free Cld. Cesium-ion Thruster | -7/Data Miner | Free Gravity Neutralizer | -7/Data Miner | Free Imp. Heavy Laser | -7/Data Miner | Free Nuclear Pulse Array | -7/Data Miner | Free Imp. Shock Absorption System | -7/Data Miner | Free Lance | -7/Data Miner | Free Adv. Datajack | -7/Data Miner | Free Disruptor Cannon | -7/Data Miner | Free Robot Schematics ------------------ O-24 Administrator | -7/Factory | Downloaded A-15 Conveyor | -7/Data Miner | Free E-15 Imp | -7/Data Miner | Free R-10 Processor | -7/Data Miner | Free Y-64 Sentinel | -7/Data Miner | Free S-27 Virus | -7/Data Miner | Free Fabricated ------------ Y-64 Sentinel | x2 | -5/Factory | Authchip Y-64 Sentinel | x2 | -4/Factory | Authchip S-27 Virus | x4 | -4/Factory | Authchip Repaired ---------- Nothing Studied --------- Wheel | -8/Materials | Hacked Lgt. Assault Rifle | -8/Materials | Hacked Lgt. Treads | -8/Materials | Hacked Imp. Treads | -8/Materials | Hacked Lgt. Nuclear Core | -8/Materials | Hacked Hvy. Assault Rifle | -8/Materials | Hacked Alien Tech Used ----------------- None Achievements -------------- All Kinds Of Bad News Bullet Installation Express Service Hydra Special Forces Challenges ------------ None Game ------ Seed CoordinationOvertunedAutogun Manual? 0 Play Time 03:13:01 Cumulative 441.1 hours Start 2025.10.28 @ 06:18:07 End 2025.10.29 @ 05:05:18 Sessions 2 Manual Loads 0 Difficulty Rogue Special Mode None Game No. 561 Rogue 561 Adventurer 0 Explorer 0 Win Type - Total 13 Types 6/0/2/2/1/0/2/0/0/0 Lore% 90 Gallery% 84 Achievement% 59 Wizard Run 0 Options --------- Layout 0 ASCII 0 Keyboard 0 Movement Mouse Keybinds 0 Fullscreen 1 Font 24/Terminus Map View 76x50 Zoom Use 0% Tactical HUD 1 Map Filters NONE Filters NONE Steam 1 RUN: c0f4756a-83f9-4679-94f7-223b34a46b84